 Dungeon Crawl Stone Soup version 0.28-a0-1038-g9c4cb8273d (webtiles) character file.

Game seed: 12962304655594697472

185 garbled the Sneak (level 5, -1/27 HPs)
             Began as a Vine Stalker Brigand on Dec 8, 2021.
             Killed by nerve-wracking pain
             ... invoked by an orc priest
              (7 damage)
             ... on level 3 of the Dungeon.
             The game lasted 00:04:41 (2757 turns).

garbled the Sneak (Vine Stalker Brigand)            Turns: 2757, Time: 00:04:42

Health: -1/27      AC:  7    Str: 13    XL:     5   Next: 64%
Magic:  0/6        EV: 11    Int: 11    God:
Gold:   115        SH:  0    Dex: 18    Spells: 4/4 levels left

rFire   . . .      SeeInvis .   n - +1 dagger (venom)
rCold   . . .      Faith    .   (no shield)
rNeg    . . .      Spirit   +   h - +0 ring mail
rPois   .          Reflect  .   k - +0 helmet
rElec   .          Harm     .   c - +0 cloak
rCorr   .          Rampage  .   (no gloves)
Will    .....                   (no boots)
Stlth   ++........              (no amulet)
HPRegen 0.89/turn               (no ring)
MPRegen 0.10/turn               (no ring)

@: no status effects
A: fangs 2, regeneration 1, magic shield, antimagic bite, no potion heal 2
a: no special abilities


You were on level 3 of the Dungeon.
You visited 1 branch of the dungeon, and saw 3 of its levels.

You collected 115 gold pieces.

Inventory:

Hand Weapons
 a - a +2 dagger
 g - a +0 short sword
 i - a +0 long sword
 n - a +1 dagger of venom (weapon)
Missiles
 d - 31 poisoned darts (quivered)
 e - 2 curare-tipped darts
 l - 6 javelins
Armour
 b - a +0 robe
 c - a +0 cloak (worn)
 h - a +0 ring mail (worn)
 k - a +0 helmet (worn)
Jewellery
 r - a ring of willpower
Scrolls
 f - a scroll of teleportation
 m - 2 scrolls of identify {unknown}
 o - a scroll of magic mapping {unknown}
 p - a scroll of vulnerability {unknown}
Potions
 j - a potion of degeneration {unknown}
 q - a potion of haste {unknown}
 s - a potion of ambrosia {unknown}


   Skills:
 + Level 2.7 Fighting
 * Level 3.5 Short Blades
 - Level 1.7 Throwing
 * Level 2.7 Dodging
 - Level 4.8 Stealth


You had 4 spell levels left.
You didn't know any spells.
Your spell library contained the following spells:

 Spells                   Type           Power      Damage    Failure   Level
 Conjure Flame            Conj/Fire      0%         6-21      93%         3
 Dazzling Flash           Conj/Hex       0%         N/A       93%         3
 Ignite Poison            Fire/Tmut/Pois 0%         N/A       93%         3
 Ozocubu's Armour         Ice            0%         N/A       93%         3
 Sticky Flame             Conj/Fire      0%         2d3       100%        4
 Agony                    Necr           0%         N/A       100%        5
 Silence                  Hex/Air        0%         N/A       100%        5
 Ozocubu's Refrigeration  Ice            0%         4d5       100%        7


Dungeon Overview and Level Annotations

Branches:
Dungeon (3/15)

Altars:


Innate Abilities, Weirdness & Mutations

You have extremely sharp teeth.
Your natural rate of healing is unusually fast.
When hurt, damage is shared between your health and your magic reserves.
Your bite disrupts and absorbs the magic of your enemies.
Potions cannot restore your health.


Message History

You hit the endoplasm. You bite the endoplasm. You drain its power.
The endoplasm is almost dead.
You hit the endoplasm.
You kill the endoplasm!
No target in view!
No target in view!
You open the door. 2 orcs and an orc priest come into view.
The orc priest shouts!
You hear a shout!
The orc shouts!
An orc wizard comes into view. It is wielding a +0 dagger.
An orc priest comes into view. It is wielding a +0 club.
The orc priest shouts!
You hear a shout!
Found an orange potion, a scroll labelled LUEROVEONO and a book of Changes.
An orc comes into view. It is wielding a +0 war axe.
The orc priest mumbles some strange prayers to Beogh against you.
Beogh smites you!
There is an open door here.
You hit the orc but do no damage.
You hit the orc priest but do no damage.
The orc priest is poisoned.
Your bite misses the orc priest. The orc wizard barely misses you.
The orc priest mumbles some strange prayers to Beogh against you.
Pain shoots through your body!
* * * LOW HITPOINT WARNING * * *
The orc hits you with a +0 hand axe.
* * * LOW HITPOINT WARNING * * *
Okay, then.
The orc priest looks encouraged for a moment.
You completely miss the orc priest. You bite the orc priest.
You drain its power.
You feel invigorated.
The orc priest is severely wounded.
The orc priest invokes the aid of Beogh against you.
Beogh smites you!
* * * LOW HITPOINT WARNING * * *
The orc priest begins to cast a cantrip, but forgets the words!
You barely miss the orc priest.
The orc priest is almost dead.
The orc priest calls down the wrath of Beogh upon you.
Pain shoots through your body!
You die...

#### # ...#
#####.# ...#
......# ...#
###########o.....#
...#
#.....@o.o'o...!?#
####
#.#########oo...##
##.####### .:...#
##........# .....#
##.)#......#
.....#
#..###.....#
.....#
#####.##)##....#
.....#
##....(.#.#...†##
######
#....#.##.##.#..##


You could see 2 orc priests, an orc wizard and 3 orcs.

Vanquished Creatures
  A phantom (D:3)
  3 adders (D:2)
  2 worms
  3 dart slugs
  2 orcs (D:3)
  17 endoplasms
  3 giant cockroaches (D:1)
  5 goblins
  3 hobgoblins
  9 kobolds
  A quokka (D:3)
  2 ball pythons
  4 bats
  4 frilled lizards (D:2)
  4 rats
63 creatures vanquished.

Notes
Turn   | Place    | Note
-------+----------+-------------------------------------------
     0 | D:1      | garbled the Vine Stalker Brigand began the quest for the
                  | Orb.
     0 | D:1      | Reached XP level 1. HP: 11/11 MP: 2/2
    54 | D:1      | Reached skill level 1 in Dodging
    61 | D:1      | Reached XP level 2. HP: 10/15 MP: 1/3
   452 | D:1      | Found a faded altar of an unknown god.
   569 | D:1      | Reached XP level 3. HP: 18/18 MP: 4/4
  1578 | D:2      | Gained mutation: Your natural rate of healing is unusually
                  | fast. [Vine Stalker growth]
  1578 | D:2      | Reached XP level 4. HP: 19/23 MP: 3/5
  2560 | D:3      | Noticed a phantom
  2619 | D:3      | Killed a phantom
  2620 | D:3      | Reached XP level 5. HP: 21/27 MP: 3/6
  2757 | D:3      | Killed from afar by an orc priest

Illustrated notes

Levels and vault maps discovered:
D:1:      dpeg_arrival_round_b, layout_loops_ring, basic_ecumenical_altar
D:2:      layout_basic
D:3:      layout_basic, serial_bayou_pond_e, corner_web_ring,
          minmay_misc_feat_more_columns, minmay_fractal_squares_gapless_5

Skill      XL: |  1  2  3  4 |
---------------+-------------+-----
Dodging        | 1 2 |  2.7
Short Blades   | 2 3 |  3.5
Fighting       | 2 |  2.7
Throwing       | |  1.7
Stealth        | |  4.8

Action                   |  1- 3 |  4- 6 || total
-------------------------+-------+-------++-------
Melee: Short sword       |    76 |    28 ||   104
       Dagger            |    13 |    59 ||    72
       Bite              |    21 |    27 ||    48
Throw: Dart              |     4 |     1 ||     5
  Use: Scroll            |     1 |       ||     1
 Stab: Sleeping          |     7 |     3 ||    10
Armor: Robe              |     5 |       ||     5
       Ring mail         |    11 |    21 ||    32
Dodge: Dodged            |    42 |    28 ||    70

Table legend: (Time is in decaauts)
 A = Elapsed time spent in this place.
 B = Non-inter-level travel time spent in this place.
 C = Inter-level travel time spent in this place.
 D = Time resting spent in this place.
 E = Time spent auto-exploring this place.
 F = Levels seen in this place.
 G = Mean time per level.
                   A        B        C        D        E       F      G
               +--------+--------+--------+--------+--------+-----+--------+
         Total |   2741 |   2626 |    115 |     18 |   2068 |   3 |  913.7 |
       Dungeon |   2741 |   2626 |    115 |     18 |   2068 |   3 |  913.7 |
               +--------+--------+--------+--------+--------+-----+--------+

Top non-repeatable levels by time:
     D:2: 1084 daAuts
     D:3: 834 daAuts
     D:1: 822 daAuts
